 Dungeon Crawl Stone Soup version 0.31-a0-851-g7ff8af7976 (webtiles) character file.

Game seed: 2638859214889772051

1756488 RepHenryClay the Wrestler (level 27, 291/291 HPs)
             Began as a Troll Brigand on Oct 7, 2023.
             Was the Champion of Okawaru.
             Escaped with the Orb
             ... and 3 runes on Oct 8, 2023!
             The game lasted 03:31:57 (64641 turns).

RepHenryClay the Wrestler (Troll Brigand)          Turns: 64641, Time: 03:31:57

Health: 291/291    AC: 46    Str: 33    XL:     27
Magic:  38/38      EV: 13    Int: 11    God:    Okawaru [******]
Gold:   8891       SH: 15    Dex: 18    Spells: 22/26 levels left

rFire   + +          .
                       - Unarmed
rCold   + . .        s - +3 kite shield
rNeg    + + .        B - +12 gold dragon scales
rPois   +            h - +4 hat "Miwn" {rN++ Int+3 Dex+3}
rElec   +            a - +0 cloak {rC+}
rCorr   +            (gloves unavailable)
SInv    .            (boots unavailable)
Will    +++..        r - amulet of regeneration Stlth
                     d - ring of Qazlal's Supremacy {Fly rCorr MP+9 Slay+4}
HPRegen 2.28/turn    q - ring "Esiozen" {Fire rElec Will+ Int+3 Stlth+}
MPRegen 0.26/turn

%: no passive effects
@: flying, studying Armour
A: large, unfitting armour, claws 3, regeneration 1, shaggy fur 1, tough skin 1,
iridescent scales 1, dopey 1, poison resistance
0: Orb of Zot
}: 3/15 runes: barnacled, silver, gossamer
a: Renounce Religion, Heroism, Finesse, Duel, Receive Weapon


You escaped.
You worshipped Okawaru.
Okawaru was exalted by your worship.
You visited 10 branches of the dungeon, and saw 48 of its levels.
You visited the Abyss 1 time.
You also visited: Bailey, Ice Cave and Volcano.

You collected 11379 gold pieces.
You spent 2488 gold pieces at shops.

Inventory:

Missiles
 i - 10 throwing nets
 j - 16 javelins
 K - 155 large rocks (quivered)
 S - 63 silver javelins
Armour
 a - a +0 cloak of cold resistance (worn)
 h - the +4 hat "Miwn" (worn) {rN++ Int+3 Dex+3}
   (You acquired it on level 10 of the Dungeon)

   Int+3:     It affects your intelligence (+3).
   Dex+3:     It affects your dexterity (+3).
   rN++:      It greatly protects you from negative energy.
 l - a scarf of repulsion
 s - a +3 kite shield (worn)
 y - a +2 cloak of preservation
 B - +12 gold dragon scales (worn)
Jewellery
 d - the ring of Qazlal's Supremacy (left claw) {Fly rCorr MP+9 Slay+4}
   (You acquired it on level 3 of the Elven Halls)

   [ring of slaying]

   Slay+4:    It affects your accuracy & damage with ranged weapons and melee
   (+4).
   MP+9:      It affects your magic capacity (+9).
   Fly:       It grants you flight.
   rCorr:     It protects you from acid and corrosion.
 e - the amulet of Hepliaklqana's Grace {Spirit Harm Str+3 Dex+4}
   (You acquired it on level 3 of the Elven Halls)

   [amulet of guardian spirit]

   Spirit:    It causes incoming damage to be divided between your reserves of
   health and magic.
   Str+3:     It affects your strength (+3).
   Dex+4:     It affects your dexterity (+4).
   Harm:      It increases damage dealt and taken.
 n - a ring of flight
 q - the ring "Esiozen" (right claw) {Fire rElec Will+ Int+3 Stlth+}
   (You took it off a vault warden on level 5 of the Vaults)

   [ring of fire]

   Fire:      It enhances your fire magic.
   Int+3:     It affects your intelligence (+3).
   rF+:       It protects you from fire.
   rC-:       It makes you vulnerable to cold.
   rElec:     It insulates you from electricity.
   Will+:     It increases your willpower.
   Stlth+:    It makes you more stealthy.
 r - an amulet of regeneration (around neck)
 v - the ring "Noebak" {*Slow rElec Dex+6 Slay+3 SInv}
   (You found it on level 4 of the Dungeon)

   [ring of dexterity]

   Dex+6:     It affects your dexterity (+6).
   Slay+3:    It affects your accuracy & damage with ranged weapons and melee
   (+3).
   rElec:     It insulates you from electricity.
   SInv:      It lets you see invisible.
   *Slow:     It may slow you when you take damage.
 D - the ring of Happiness {rC+ rN+ Int+5 Stlth-}
   (You took it off a deep elf master archer on level 3 of the Elven Halls)

   [ring of positive energy]

   Int+5:     It affects your intelligence (+5).
   rC+:       It protects you from cold.
   rN+:       It protects you from negative energy.
   Stlth-:    It makes you less stealthy.
 E - a ring of willpower
 T - the ring "Veum" {rF+ Str+9}
   (You found it on level 3 of the Realm of Zot)

   [ring of protection from fire]

   Str+9:     It affects your strength (+9).
   rF+:       It protects you from fire.
Wands
 f - a wand of acid (23)
 u - a wand of mindburst (28)
 x - a wand of iceblast (36)
 H - a wand of paralysis (45)
 M - a wand of digging (29)
Scrolls
 m - 15 scrolls of teleportation
 p - 12 scrolls of fog
 A - 9 scrolls of amnesia
 F - 9 scrolls of immolation
 J - 11 scrolls of enchant weapon
 L - 7 scrolls of blinking
 P - 31 scrolls of identify {@r1}
 Q - 2 scrolls of enchant armour
 R - 5 scrolls of poison
 U - 5 scrolls of brand weapon
 W - 7 scrolls of revelation
 X - 7 scrolls of vulnerability
 Y - 7 scrolls of fear
Potions
 b - 6 potions of invisibility
 c - a potion of berserk rage
 g - 27 potions of curing
 k - 12 potions of heal wounds
 o - 4 potions of haste
 t - 14 potions of brilliance
 w - 4 potions of enlightenment
 z - 10 potions of mutation
 C - 4 potions of magic
 I - 7 potions of might
 N - 9 potions of lignification
 O - 5 potions of attraction
 V - 5 potions of resistance
 Z - 8 potions of ambrosia
Miscellaneous
 G - a lightning rod (4/4)


   Skills:
 + Level 20.0 Fighting
 - Level 1.5 Short Blades
 - Level 16.4 Throwing
 - Level 22.0 Armour
 + Level 17.6 Dodging
 - Level 2.1 Stealth
 - Level 10.2 Shields
 + Level 22.4 Unarmed Combat
 - Level 10.0 Invocations


You had 22 spell levels left.
You knew the following spells:

 Your Spells              Type           Power      Damage    Failure   Level
b - Lesser Beckoning      Tloc           0%         N/A       99%         2
Q - Blink                 Tloc           0%         N/A       99%         2

Your spell library contained the following spells:

 Spells                   Type           Power      Damage    Failure   Level
 Apportation              Tloc           0%         N/A       98%         1
 Freeze                   Ice            0%         1d3       98%         1
 Kiss of Death            Conj/Necr      0%         2d5       98%         1
 Magic Dart               Conj           0%         1d3       98%         1
 Necrotise                Necr           0%         1d4       98%         1
 Sandblast                Erth           0%         2d4       98%         1
 Shock                    Conj/Air       0%         1d3       98%         1
 Slow                     Hex            0%         N/A       98%         1
 Sting                    Tmut/Pois      0%         1d3       98%         1
 Cigotuvi's Dreadful Rot  Necr/Pois/Air  0%         N/A       99%         2
 Ensorcelled Hibernation  Hex/Ice        0%         N/A       99%         2
 Jinxbite                 Hex            0%         N/A       99%         2
 Momentum Strike          Conj/Tloc      0%         3d8       99%         2
 Passwall                 Tmut/Erth      0%         N/A       99%         2
 Scorch                   Fire           0%         2d5       99%         2
 Searing Ray              Conj           0%         2d4       99%         2
 Static Discharge         Conj/Air       0%         2-2/arc   99%         2
 Sublimation of Blood     Necr           0%         N/A       99%         2
 Wereblood                Tmut           0%         N/A       99%         2
 Confusing Touch          Hex            0%         N/A       100%        3
 Frozen Ramparts          Ice            0%         1d1       100%        3
 Hailstorm                Conj/Ice       0%         3d3       100%        3
 Ignite Poison            Fire/Tmut/Pois 0%         N/A       100%        3
 Ozocubu's Armour         Ice            0%         N/A       100%        3
 Sigil of Binding         Hex            0%         N/A       100%        3
 Stone Arrow              Conj/Erth      0%         3d7       100%        3
 Swiftness                Air            0%         N/A       100%        3
 Vampiric Draining        Necr           0%         2d6       100%        3
 Volatile Blastmotes      Fire/Tloc      0%         2d10      100%        3
 Airstrike                Air            0%         2d(0-16)  100%        4
 Anguish                  Hex/Necr       0%         N/A       100%        4
 Brom's Barrelling Bould  Conj/Erth      0%         2d3       100%        4
 Dimensional Bullseye     Hex/Tloc       0%         N/A       100%        4
 Dispel Undead            Necr           0%         3d6       100%        4
 Flame Wave               Conj/Fire      0%         2d4       100%        4
 Fulminant Prism          Conj/Hex       0%         3d5       100%        4
 Iskenderun's Mystic Bla  Conj/Tloc      0%         2d3       100%        4
 Leda's Liquefaction      Hex/Erth       0%         N/A       100%        4
 Manifold Assault         Tloc           0%         N/A       100%        4
 Passage of Golubria      Tloc           0%         N/A       100%        4
 Alistair's Intoxication  Tmut/Pois      0%         N/A       100%        5
 Borgnjor's Vile Clutch   Necr/Erth      0%         N/A       100%        5
 Lee's Rapid Deconstruct  Erth           0%         3d4*      100%        5
 Metabolic Englaciation   Hex/Ice        0%         N/A       100%        5
 Silence                  Hex/Air        0%         N/A       100%        5
 Yara's Violent Unravell  Hex/Tmut       0%         3d3       100%        5
 Bombard                  Conj/Erth      0%         9d1       100%        6
 Conjure Ball Lightning   Conj/Air       0%         3x3d6     100%        6
 Dispersal                Tloc           0%         N/A       100%        6
 Enfeeble                 Hex            0%         N/A       100%        7
 Ozocubu's Refrigeration  Ice            0%         4d7       100%        7
 Borgnjor's Revivificati  Necr           0%         N/A       100%        8
 Disjunction              Tloc           0%         N/A       100%        8
 Lehudib's Crystal Spear  Conj/Erth      0%         10d2      100%        8
 Death's Door             Necr           0%         N/A       100%        9
 Summon Small Mammal      Summ           Unusable   N/A       N/A         1
 Call Canine Familiar     Summ           Unusable   N/A       N/A         3
 Tukima's Dance           Hex            Unusable   N/A       N/A         3
 Animate Armour           Summ/Erth      Unusable   N/A       N/A         4
 Animate Dead             Necr           Unusable   N/A       N/A         4
 Summon Lightning Spire   Summ/Air       Unusable   N/A       N/A         4
 Death Channel            Necr           Unusable   N/A       N/A         6
 Simulacrum               Ice/Necr       Unusable   N/A       N/A         6
 Summon Cactus Giant      Summ           Unusable   N/A       N/A         6
 Haunt                    Necr/Summ      Unusable   N/A       N/A         7
 Malign Gateway           Summ/Tloc      Unusable   N/A       N/A         7
 Summon Hydra             Summ           Unusable   N/A       N/A         7

Dungeon Overview and Level Annotations

Branches:
Dungeon (15/15)            Temple (1/1) D:7            Lair (5/5) D:11
 Shoals (4/4) Lair:3       Spider (4/4) Lair:3        Slime (0/5) Lair:5
    Orc (2/2) D:10            Elf (3/3) Orc:2        Vaults (5/5) D:13
  Crypt (0/3) Vaults:3     Depths (4/4) D:15            Zot (5/5) Depths:4
 Bailey (visited)           IceCv (visited)         Volcano (visited)

Altars:
Ashenzari
Cheibriados
Dithmenos
Elyvilon
Fedhas
Gozag
Hepliaklqana
Kikubaaqudgha
Makhleb
Nemelex Xobeh
Okawaru
Qazlal
Ru
Sif Muna
Trog
Uskayaw
Vehumet
Wu Jian
Xom
Yredelemnul
Zin
The Shining One
Jiyva

Shops:
D:5 *   Orc:2 [(:*   Elf:1 *   Shoals:2 *   Vaults:4 ??*[:   Vaults:5 ?!?!?

Portals:
Hell: Depths:1 Depths:2 Depths:3 Depths:4
Abyss: Depths:1 Depths:2 Depths:3
Pandemonium: Depths:2
Ziggurat: Depths:2

Annotations:
Lair:3 exclusion: ice statue
Lair:4 2 transporters, dxb338's ghost, journeyman FeSh
Elf:2 3 runed translucent doors
Vaults:4 good ring
Zot:2 4 transporters


Innate Abilities, Weirdness & Mutations

You are too large for most types of armour.
You have claws for hands.
Your natural rate of healing is unusually fast.
You are covered in fur. (AC +1)
You have tough skin. (AC +1)
You are partially covered in iridescent scales. (AC +2)
You are dopey. (Int -2)
Your system is resistant to poisons. (rPois)


Message History

The Orb Guardian hits you.
Damage: -0%(-2hp) hp: 99%(286hp)
You mangle the Orb Guardian!!
You kill the Orb Guardian!
Okawaru accepts your kill.
No target in view!
No target in view!
There is a stone staircase leading up here.
You fly upwards.
There is a stone staircase leading down here.
What level of the Dungeon? (default 1, ? - help)
There is an open door here.
There is an open door here.
There is a stone staircase leading up, spattered with blood here.
You fly upwards.
There is a stone staircase leading down, spattered with blood here.
There is an open door here.
There is an open door here.
There is a stone staircase leading up here.
You fly upwards.
There is a stone staircase leading down here.
There is an open door here.
There is an open door here.
An ice devil comes into view.
Throw: 156 large rocks
Press: ? - help, Q - select action, (/) - cycle Shift-Dir - straight line, f - ice devil
Aim: an ice devil (76% to hit)
You throw a large rock. The large rock hits the ice devil!!!
You kill the ice devil!
Okawaru accepts your kill.
What level of the Dungeon? (default 1, ? - help)
There is a stone staircase leading up here.
You fly upwards.
There is a stone staircase leading down here.
You see here a +2 dagger.
A cacodemon and a sixfirhy come into view.
The sixfirhy moves out of view.
You hear a grinding noise.
There is a staircase leading out of the dungeon here.
You have escaped!

#+#................####............
...............(...####......##....
....................§§........#....
...........#....≈≈≈≈≈§§.......#....
................≈...§.§............
.........##...........≈............
.........##..≈§≈≈§§§..≈......3.....
...).....##..≈.....≈..≈...2........
.........##..≈.§≈@.§§.§.###..[.....
.........##..≈.§§§§§§§§.# #.....###
.........##..≈.§§.§§.§..# #.....#
.........##..≈..§.§≈.#.## #.....#
.........##..≈≈§§≈§≈..## #.....#
##.########.....§....## #.....# #.#
#...#####.## #.....# #.# #.### ##
####### #.# #.#


There were no monsters in sight!

Vanquished Creatures
  5 ancient liches
  5 dread liches
  5 orbs of fire
  The ghost of Foeck the Wrestler, a veteran TrCK of Xom (Zot:3)
  8 Killer Klowns (Zot:5)
  Bai Suzhen (Spider:3)
  Margery (Vaults:3)
  2 curse toes (Zot:1)
  A caustic shrike (Depths:2)
  14 golden dragons
  A profane servitor (Abyss:2)
  the Enchantress (Depths:4)
  7 electric golems
  29 tentacled monstrosities
  2 walking earthen tomes (Depths:2)
  A Hell Sentinel (Abyss:2)
  2 Ice Fiends
  2 walking divine tomes (Depths:2)
  28 Orb Guardians
  Rupert (D:12)
  2 deep elf blademasters (Elf:3)
  4 titans (Vaults:5)
  2 liches (Depths:2)
  13 quicksilver dragons
  2 deep elf master archers (Elf:3)
  A walking frostbound tome (Depths:3)
  A kraken (Shoals:3)
  An Executioner (D:14)
  5 death cobs
  11 sphinxes
  13 shadow dragons
  Kirke (Elf:1)
  20 storm dragons
  10 tengu reavers
  Donald (Spider:4)
  Aizul (Depths:2)
  2 azure jellies (Depths:3)
  9 draconian monks
  4 draconian knights (Zot:4)
  A daeva (Shoals:3)
  2 emperor scorpions
  6 deep elf sorcerers
  An iron dragon (D:15)
  22 vault wardens
  17 frost giants
  13 fire giants
  8 ghost moths
  A draconian scorcher (Zot:4)
  6 draconian stormcallers
  4 spriggan defenders
  3 draconian shifters
  3 orc warlords
  4 deep elf elementalists (Elf:3)
  5 war gargoyles
  2 formless jellyfish
  19 ironbound preservers
  16 stone giants
  25 very ugly things
  7 draconian annihilators
  3 ironbound thunderhulks
  2 broodmothers
  9 deep elf demonologists
  Nessos (D:12)
  5 vampire knights
  22 black draconians
  9 green draconians
  14 yellow draconians
  2 lorocyprocas
  14 spark wasps
  17 red draconians
  11 deep elf annihilators
  2 demonspawn black suns (D:15)
  17 purple draconians
  2 green deaths
  5 dire elephants
  18 white draconians
  Josephine (Lair:4)
  12 merfolk javelineers
  Snorg (Lair:4)
  9 merfolk impalers
  11 ettins
  2 blizzard demons (Depths:3)
  9 deep elf death magi
  2 jiangshi (Depths:1)
  4 deep elf high priests
  2 entropy weavers
  7 fire dragons
  14 yaktaur captains
  A crystal guardian (Vaults:3)
  2 entropy weavers (shapeshifter)
  7 great orbs of eyes
  The ghost of bahustanut the Marksoctopus, a journeyman OpHu of Gozag (D:11)
  33 vault guards
  8 hydras
  An ice dragon (shapeshifter) (Depths:3)
  Erolcha (Orc:2)
  3 rakshasas
  A hell beast (Depths:1)
  2 merfolk avatars
  5 catoblepae
  A caustic shrike simulacrum (Depths:3)
  An ogre mage (D:14)
  9 centaur warriors
  5 peacekeepers
  4 alligator snapping turtles
  A radroach (Spider:2)
  Harold (D:9)
  A hydra (shapeshifter) (Vaults:5)
  12 ice dragons
  3 jorogumos
  3 spriggan air magi
  19 dancing weapons
  3 alligators (Shoals:1)
  3 ironbound frosthearts
  A two-headed ogre (D:13)
  A death knight (D:13)
  4 deep troll shamans
  6 death scarabs (Spider:4)
  6 deep troll earth magi
  4 tengu warriors
  17 death yaks
  5 hell hogs (Depths:1)
  11 boulder beetles
  5 merfolk aquamancers
  2 vampire magi
  3 thrashing horrors (Abyss:2)
  9 spriggan berserkers
  8 demonic crawlers
  Urug (Orc:2)
  3 orc high priests
  Sonja (Lair:5)
  4 sun demons (Depths:1)
  3 spriggans (Depths:4)
  17 deep elf knights
  Nergalle (Orc:2)
  A shock serpent (shapeshifter) (Elf:3)
  11 hell knights
  4 soul eaters
  6 skeletal warriors
  7 skysharks
  A sun moth (Lair:3)
  11 pharaoh ants
  A fire crab (Lair:4)
  9 sea snakes
  A death drake (shapeshifter) (Vaults:5)
  4 cherubim
  22 deep elf archers
  6 orb spiders
  A goliath frog (Shoals:1)
  36 deep trolls
  4 glowing orange brains
  11 wizards
  2 flayed ghosts
  A swamp dragon (Lair:5)
  A bog body (IceCv)
  6 spriggan simulacra (IceCv)
  Pikel (D:7)
  An obsidian statue (IceCv)
  9 orc knights
  6 phantasmal warriors
  5 lindwurms
  24 harpies
  12 ironbound convokers
  11 wolf spiders
  6 fauns
  8 necromancers
  24 ugly things
  3 steelbarb worms
  32 deep elf pyromancers
  33 deep elf zephyrmancers
  2 wolf spiders (shapeshifter) (Vaults:5)
  18 manticores
  3 orc sorcerers
  A mana viper (Abyss:2)
  19 cyclopes
  29 moths of wrath
  A will-o-the-wisp (Abyss:2)
  A salamander (shapeshifter) (Depths:2)
  A guardian serpent (Elf:3)
  An apocalypse crab (Abyss:2)
  14 elephants
  The ghost of gribnar the Insei, a novice OpSh of Hepliaklqana (D:6)
  5 merfolk sirens
  17 vault sentinels
  3 water nymphs
  A guardian serpent (shapeshifter) (Depths:3)
  2 ice statues (D:14)
  A rust devil (Depths:3)
  A titan simulacrum (Depths:3)
  Maurice (Orc:2)
  Joseph (D:9)
  6 black mambas
  11 cane toads
  A smoke demon (Depths:1)
  3 gargoyles
  A kobold demonologist (D:11)
  32 yaktaurs
  5 torpor snails
  10 komodo dragons
  3 anaconda simulacra (IceCv)
  3 spectral redbacks (Spider:4)
  A hellion (D:10)
  5 rime drakes
  An efreet (D:14)
  6 freezing wraiths
  12 ice devils
  2 redback zombies (Spider:4)
  3 tengu conjurers
  7 meliai
  6 trolls
  Prince Ribbit (D:9)
  A queen bee (shapeshifter) (Depths:3)
  23 merfolk
  A polar bear (shapeshifter) (Vaults:5)
  An alligator simulacrum (IceCv)
  3 hornets
  A spectral culicivora (Spider:4)
  3 spectral jumping spiders (Spider:4)
  A culicivora zombie (Spider:4)
  30 tarantellas
  A jumping spider zombie (Spider:4)
  3 tarantella zombies (Spider:4)
  4 polar bears (Lair:3)
  A spectral tarantella (Spider:4)
  6 snapping turtles
  A dream sheep (shapeshifter) (Vaults:5)
  16 dream sheep
  A tarantella (shapeshifter) (Depths:3)
  6 wind drakes
  12 blink frogs
  31 jumping spiders
  46 slime creatures
  A snapping turtle (shapeshifter) (Vaults:5)
  A culicivora (shapeshifter) (Depths:3)
  4 shadows
  63 yaks
  A spriggan (shapeshifter) (Depths:2)
  8 water elementals
  23 culicivoras
  4 air elementals
  2 vampires
  8 wraiths
  2 dire elephant simulacra (IceCv)
  7 fire elementals
  A golden eye (shapeshifter) (Vaults:5)
  7 basilisks
  13 wyverns
  3 golden eyes (Depths:1)
  A chaos spawn (Zot:5)
  6 hogs (Elf:1)
  61 redbacks
  6 minotaur simulacra (IceCv)
  6 steam dragons
  2 vampire mosquitoes
  3 harpy simulacra (IceCv)
  A large abomination (D:14)
  A two-headed ogre zombie (D:10)
  7 acid dragons
  2 wargs
  A water moccasin (shapeshifter) (Vaults:5)
  6 hell hounds (Volcano)
  18 water moccasins
  3 floating eyes (Depths:2)
  3 black bears
  2 swamp drakes (Lair:5)
  35 orc warriors
  2 ettin simulacra (IceCv)
  11 ogres
  5 ice beasts
  31 wolves
  12 centaurs
  A phantom (D:5)
  A kobold brigand (D:7)
  2 small abominations (Abyss:2)
  3 gnoll sergeants
  17 bullfrogs
  6 scorpions
  11 deep troll simulacra (IceCv)
  An earth elemental (Elf:1)
  55 killer bees
  A troll zombie (D:10)
  4 howler monkeys
  9 vampire bats (Bailey)
  7 wolf zombies (Bailey)
  A crimson imp (Abyss:2)
  26 orc priests
  6 hounds
  4 jellies
  5 quasits (D:6)
  9 gnoll boudas
  8 iguanas
  A sleepcap (D:5)
  26 orc wizards
  A hell rat (Lair:4)
  6 ogre zombies (D:10)
  Robin (D:2)
  46 gnolls
  2 adders
  3 white imps
  4 dart slugs
  3 worms
  62 orcs
  7 bats
  8 endoplasms
  4 giant cockroaches
  12 hobgoblins
  10 jackals
  10 quokkas
  9 ball pythons
  4 frilled lizards
  10 goblins
  2 goblin skeletons (D:10)
  A goblin zombie (D:10)
  A hobgoblin skeleton (D:10)
  2 hobgoblin zombies (D:10)
  12 kobolds
  4 orc skeletons (D:10)
  36 orc zombies
  3 rats (D:3)
  4 tentacles (Shoals:3)
2454 creatures vanquished.

Vanquished Creatures (others)
  Asterion (Depths:1)
  A draconian knight (Zot:1)
  A fire giant (Depths:3)
  A war gargoyle (Vaults:5)
  A purple draconian (Depths:4)
  A rakshasa (Depths:2)
  A deep elf archer (Elf:1)
  2 wizards
  3 deep elf zephyrmancers
  A deep elf pyromancer (D:14)
  A boggart (Vaults:4)
  A howler monkey (D:14)
  An orc wizard (Orc:2)
  18 tentacles (Shoals:3)
34 creatures vanquished.

Grand Total: 2488 creatures vanquished

Notes
Turn   | Place    | Note
-------+----------+-------------------------------------------
     0 | D:1      | RepHenryClay the Troll Brigand began the quest for the Orb.
     0 | D:1      | Reached XP level 1. HP: 19/19 MP: 0/0
    68 | D:1      | Reached skill level 1 in Armour
    68 | D:1      | Reached skill level 1 in Unarmed Combat
    68 | D:1      | Reached XP level 2. HP: 27/27 MP: 1/1
   221 | D:1      | Reached skill level 1 in Dodging
   287 | D:1      | Reached XP level 3. HP: 27/27 MP: 2/2
   581 | D:1      | Found a faded altar of an unknown god.
   787 | D:2      | Noticed Robin
   804 | D:2      | Reached XP level 4. HP: 15/39 MP: 3/3
   818 | D:2      | Killed Robin
  1586 | D:3      | Found a glowing golden altar of the Shining One.
  2172 | D:4      | Reached skill level 1 in Shields
  2172 | D:4      | Reached XP level 5. HP: 40/48 MP: 4/4
  2281 | D:4      | Identified the ring "Noebak" {*Slow rElec Dex+6 Slay+3
                  | SInv}
  2384 | D:4      | Reached XP level 6. HP: 49/55 MP: 5/5
  2825 | D:5      | Entered Level 5 of the Dungeon
  3126 | D:5      | Reached skill level 5 in Unarmed Combat
  3193 | D:5      | Reached XP level 7. HP: 62/62 MP: 6/6
  3476 | D:5      | Found Seusonna's Assorted Antiques.
  3747 | D:5      | Found a shimmering altar of Xom.
  3751 | D:5      | Learned a level 2 spell: Blink
  3754 | D:5      | Learned a level 2 spell: Lesser Beckoning
  3756 | D:5      | Found a blossoming altar of Fedhas.
  3759 | D:5      | Found a sparkling altar of Nemelex Xobeh.
  4024 | D:6      | Reached skill level 5 in Shields
  4024 | D:6      | Reached XP level 8. HP: 65/70 MP: 7/7
  4211 | D:6      | Found a transporter.
  4219 | D:6      | Found a transporter.
  4223 | D:6      | Noticed gribnar's ghost (novice OpSh)
  4605 | D:7      | Found a staircase to the Ecumenical Temple.
  4628 | Temple   | Entered the Ecumenical Temple
  4759 | D:7      | Reached XP level 9. HP: 71/76 MP: 8/8
  4771 | D:7      | You fall into a shaft and drop 1 floor!
  4809 | D:7      | Noticed Pikel
  4824 | D:7      | Killed Pikel
  5441 | D:7      | Found a staircase to the Ecumenical Temple.
  5910 | D:8      | Reached skill level 10 in Unarmed Combat
  5992 | D:8      | Reached XP level 10. HP: 85/85 MP: 9/9
  6873 | D:9      | Found a broken altar of Ashenzari.
  6991 | D:9      | Reached skill level 10 in Shields
  7119 | D:9      | Found an iron altar of Okawaru.
  7121 | D:9      | Noticed Harold
  7124 | D:9      | Became a worshipper of Warmaster Okawaru
  7136 | D:9      | Killed Harold
  7368 | D:9      | Reached * piety under Okawaru
  7369 | D:9      | Reached XP level 11. HP: 92/92 MP: 12/12
  7539 | D:9      | Noticed Joseph
  7563 | D:9      | Killed Joseph
  7564 | D:9      | Reached skill level 5 in Invocations
  7670 | D:9      | Noticed Prince Ribbit
  7699 | D:9      | Killed Prince Ribbit
  7812 | D:9      | Reached ** piety under Okawaru
  8124 | D:10     | Entered Level 10 of the Dungeon
  8127 | D:10     | Identified a scroll of acquirement
  8128 | D:10     | Acquired the +4 hat "Miwn" {rN++ Int+3 Dex+3}
  8457 | D:10     | Found a staircase to the Orcish Mines.
  8493 | D:10     | Found a flagged portal.
  8520 | Bailey   | Entered a bailey
  8599 | Bailey   | Reached *** piety under Okawaru
  8755 | Bailey   | Reached skill level 5 in Armour
  8841 | Bailey   | Identified the +0 scale mail "Niddiwn" {Int+5}
  8959 | D:10     | Found a white marble altar of Elyvilon.
  9479 | D:11     | Reached **** piety under Okawaru
  9499 | D:11     | Noticed a flayed ghost
  9721 | D:11     | Reached XP level 12. HP: 100/100 MP: 15/15
  9845 | D:11     | Noticed a boulder beetle
  9854 | D:11     | Killed a boulder beetle
  9854 | D:11     | Reached ***** piety under Okawaru
 10174 | D:11     | Found a transporter.
 10174 | D:11     | Noticed bahustanut's ghost (journeyman OpHu)
 10177 | D:11     | Found a transporter.
 10326 | D:11     | Found a staircase to the Lair.
 10410 | Orc:1    | Entered Level 1 of the Orcish Mines
 10423 | D:10     | Received a gift from Okawaru
 10438 | Orc:1    | Noticed an orc warlord
 10574 | D:10     | Killed an orc warlord
 11070 | Orc:2    | Entered Level 2 of the Orcish Mines
 11163 | Orc:2    | Noticed Erolcha
 11194 | Orc:2    | Killed Erolcha
 11258 | Orc:2    | Reached skill level 5 in Throwing
 11258 | Orc:2    | Reached skill level 10 in Armour
 11359 | Lair:1   | Entered Level 1 of the Lair of Beasts
 11614 | Lair:1   | Reached ****** piety under Okawaru
 11626 | Lair:1   | Acquired the +0 shadow dragon scales of Baun {Rampage rElec
                  | Stlth++++}
 11626 | Lair:1   | Received a gift from Okawaru
 11636 | Lair:1   | Reached XP level 13. HP: 104/106 MP: 16/16
 11640 | Lair:1   | Received a gift from Okawaru
 12033 | Lair:1   | Identified the +0 buckler of Xyodghec {rC+ Str+2 Int-2
                  | SInv}
 12533 | Lair:2   | Received a gift from Okawaru
 13151 | Lair:3   | Found a hole to the Spider Nest.
 13515 | Lair:3   | Found a staircase to the Shoals.
 14339 | Lair:4   | Noticed Snorg
 14356 | Lair:4   | Received a gift from Okawaru
 14562 | Lair:4   | Reached XP level 14. HP: 114/114 MP: 17/17
 14618 | Lair:4   | Received a gift from Okawaru
 14629 | Lair:4   | Killed Snorg
 15124 | Lair:4   | Noticed Josephine
 15137 | Lair:4   | Killed Josephine
 15317 | Lair:5   | Entered Level 5 of the Lair of Beasts
 15359 | Lair:4   | Reached skill level 5 in Fighting
 15524 | Lair:5   | Found a dark tunnel.
 15535 | Volcano  | Entered a volcano
 15586 | Volcano  | Received a gift from Okawaru
 15923 | Lair:5   | Found a staircase to the Slime Pits.
 15926 | Lair:5   | Found a viscous altar of Jiyva.
 16129 | Lair:5   | Received a gift from Okawaru
 16228 | Lair:5   | Reached skill level 15 in Armour
 16228 | Lair:5   | Reached XP level 15. HP: 96/136 MP: 18/18
 16368 | Lair:5   | Noticed Sonja
 16397 | Abyss:2  | Cast into level 2 of the Abyss (Sonja)
 16485 | Abyss:2  | Noticed a profane servitor
 16505 | Abyss:2  | Killed a profane servitor
 16505 | Abyss:2  | Received a gift from Okawaru
 16520 | Abyss:2  | Found a corrupted altar of Lugonu.
 16572 | Abyss:2  | Paralysed by you for 5 turns
 16582 | Abyss:2  | Noticed a Hell Sentinel
 16596 | Abyss:2  | Killed a Hell Sentinel
 16622 | Lair:5   | Escaped the Abyss
 16627 | Lair:5   | Killed Sonja
 17334 | Lair:4   | Noticed dxb338's ghost (journeyman FeSh)
 17358 | Lair:4   | Found a transporter.
 17367 | Lair:4   | Found a transporter.
 17821 | Lair:5   | Reached XP level 16. HP: 144/144 MP: 19/19
 17896 | Lair:5   | Received a gift from Okawaru
 18313 | Orc:2    | Noticed Urug
 18369 | Orc:2    | Killed Urug
 18592 | Orc:2    | Found a staircase to the Elven Halls.
 18596 | Orc:2    | Noticed Maurice
 18605 | Orc:2    | Killed Maurice
 18692 | Orc:2    | Noticed Nergalle
 18719 | Orc:2    | Killed Nergalle
 18820 | Orc:2    | Found Efrih's Book Shoppe.
 18828 | Orc:2    | Found Nocvuim's Antique Weapon Shoppe.
 18938 | Orc:2    | Found Huym Xeh's General Store.
 18944 | Orc:2    | Bought a scroll of identify for 28 gold pieces
 18944 | Orc:2    | Bought a scroll of teleportation for 42 gold pieces
 19038 | Orc:2    | Found Tyatexeu's Antique Armour Shoppe.
 19044 | Orc:2    | Bought a translucent cloak for 218 gold pieces
 19044 | Orc:2    | Identified the +1 cloak of Upnuk {rPois Str+3} (You bought
                  | it in a shop on level 2 of the Orcish Mines)
 19423 | D:12     | Noticed Nessos
 19435 | D:12     | Killed Nessos
 19435 | D:12     | Received a gift from Okawaru
 19708 | D:12     | Found a snail-covered altar of Cheibriados.
 19916 | D:12     | Noticed Rupert
 19919 | D:12     | Paralysed by Rupert for 5 turns
 19933 | D:12     | Killed Rupert
 20110 | D:13     | Found a gate to the Vaults.
 20763 | D:13     | Found a bloodstained altar of Trog.
 21304 | D:14     | Found a frozen archway.
 21451 | D:14     | Received a gift from Okawaru
 21762 | IceCv    | Entered an ice cave
 21853 | IceCv    | Reached XP level 17. HP: 136/152 MP: 20/20
 22169 | IceCv    | Noticed an Ice Fiend
 22375 | IceCv    | Killed an Ice Fiend
 22787 | IceCv    | Got a lithographed book
 23296 | D:14     | Found a stormy altar of Qazlal.
 23446 | D:15     | Entered Level 15 of the Dungeon
 23551 | D:15     | Received a gift from Okawaru
 23610 | D:15     | Found a staircase to the Depths.
 24543 | Spider:1 | Entered Level 1 of the Spider Nest
 25088 | Spider:1 | Received a gift from Okawaru
 26266 | Spider:1 | Received a gift from Okawaru
 26650 | Shoals:1 | Entered Level 1 of the Shoals
 26879 | Shoals:1 | Reached XP level 18. HP: 124/170 MP: 21/21
 27153 | Shoals:1 | Received a gift from Okawaru
 27157 | Shoals:1 | Reached skill level 5 in Dodging
 27999 | Shoals:2 | Received a gift from Okawaru
 28030 | Shoals:2 | Found Xuboat's General Store.
 29600 | Shoals:3 | Reached skill level 10 in Fighting
 29726 | Shoals:4 | Entered Level 4 of the Shoals
 29755 | Shoals:3 | Received a gift from Okawaru
 29771 | Shoals:4 | Found a white marble altar of Elyvilon.
 30178 | Shoals:4 | Identified the +1 scale mail "Yges" {rF+ rC- rCorr Dex+3}
 30394 | Shoals:4 | Found a glowing silver altar of Zin.
 30910 | Shoals:4 | Found a glowing golden altar of the Shining One.
 30939 | Shoals:4 | Identified the staff "Qayb" {rElec Str+9 Dex-3 Earth}
 31091 | Shoals:4 | Reached skill level 10 in Dodging
 31167 | Shoals:4 | Got a barnacled rune of Zot
 31253 | Shoals:4 | Received a gift from Okawaru
 31415 | Spider:1 | Reached XP level 19. HP: 182/182 MP: 22/22
 32348 | Spider:3 | Identified the +1 robe "Qoxzil" {rN+}
 33423 | Spider:4 | Entered Level 4 of the Spider Nest
 33423 | Spider:4 | Noticed Donald
 33434 | Spider:4 | Killed Donald
 33640 | Spider:4 | Noticed Bai Suzhen
 33702 | Spider:3 | Killed Bai Suzhen
 33951 | Spider:4 | Received a gift from Okawaru
 35307 | Spider:4 | Got a gossamer rune of Zot
 35595 | Vaults:1 | Entered Level 1 of the Vaults
 35887 | D:5      | Bought a scroll of enchant armour for 232 gold pieces
 35887 | D:5      | Bought a scroll of fear for 124 gold pieces
 35975 | D:6      | Killed gribnar's ghost
 36327 | D:11     | Killed bahustanut's ghost
 36859 | Vaults:1 | Received a gift from Okawaru
 37889 | Vaults:1 | Received a gift from Okawaru
 37890 | Vaults:1 | Reached XP level 20. HP: 193/193 MP: 25/25
 38547 | Vaults:2 | Reached skill level 10 in Invocations
 39030 | Vaults:2 | Received a gift from Okawaru
 39775 | Vaults:3 | You fall into a shaft and drop 1 floor!
 39779 | Vaults:4 | Found Imnyll's General Store.
 39864 | Vaults:3 | Paralysed by a great orb of eyes for 3 turns
 39973 | Vaults:3 | Noticed a dread lich
 39981 | Vaults:3 | Killed a dread lich
 40036 | Vaults:3 | Found a staircase to the Crypt.
 40340 | Vaults:3 | Received a gift from Okawaru
 40465 | Vaults:3 | Identified the +6 arbalest "Testudineslayer" {heavy, Str+5
                  | Int-2 Dex+4}
 40804 | Vaults:3 | Noticed Margery
 40836 | Vaults:3 | Killed Margery
 41316 | Vaults:4 | Received a gift from Okawaru
 41436 | Vaults:4 | Found Japyazeri's Antique Armour Emporium.
 41498 | Vaults:4 | Reached XP level 21. HP: 179/205 MP: 27/27
 41498 | Vaults:4 | Identified the +1 trident of Gekair {venom, Fly rPois rC+}
 42002 | Vaults:4 | Found Puthesk's Book Shop.
 42139 | Vaults:4 | Received a gift from Okawaru
 42161 | Vaults:4 | Found Bustimm's Magic Scroll Shoppe.
 42166 | Vaults:4 | Bought a scroll of enchant armour for 150 gold pieces
 42166 | Vaults:4 | Bought a scroll of blinking for 150 gold pieces
 42276 | Vaults:4 | Got a thrumming book
 42416 | Vaults:4 | Found Mintoap's Magic Scroll Shoppe.
 42426 | Vaults:4 | Reached skill level 10 in Throwing
 42486 | Vaults:4 | Bought a scroll of enchant armour for 127 gold pieces
 42486 | Vaults:4 | Bought a scroll of teleportation for 51 gold pieces
 42486 | Vaults:4 | Bought a scroll of blinking for 127 gold pieces
 42486 | Vaults:4 | Bought a scroll of teleportation for 51 gold pieces
 42806 | Vaults:4 | Acquired 595 gold pieces
 43490 | Elf:1    | Entered Level 1 of the Elven Halls
 43831 | Elf:1    | Noticed Kirke
 43831 | Elf:1    | Paralysed by an air elemental for 1 turns
 43867 | Elf:1    | Killed Kirke
 43956 | Elf:1    | Received a gift from Okawaru
 44361 | Elf:1    | Reached skill level 15 in Unarmed Combat
 44410 | Elf:1    | Found Zeapaxaujys's Assorted Antiques.
 44562 | Elf:1    | Got a weird book
 45067 | Elf:2    | Received a gift from Okawaru
 45171 | Elf:2    | Found a runed translucent gate.
 45172 | Elf:2    | Found a runed translucent gate.
 45172 | Elf:2    | Found a runed translucent gate.
 45620 | Elf:3    | Entered Level 3 of the Elven Halls
 45734 | Elf:3    | Found a shimmering altar of Xom.
 46185 | Elf:3    | Reached XP level 22. HP: 160/221 MP: 28/28
 46208 | Elf:3    | Received a gift from Okawaru
 46397 | Elf:3    | Identified the ring of Happiness {rC+ rN+ Int+5 Stlth-}
 46438 | Elf:3    | Identified the +11 quarterstaff "Naock" {heavy, rElec Str+6
                  | Int+3}
 46454 | Elf:3    | Identified the orb of Ennui {light, rPois Will- Int+2
                  | Dex+2}
 46454 | Elf:3    | Identified the amulet "Ucsyc" {RegenMP -Tele rPois Int+7}
 46790 | Elf:3    | Acquired the ring of Qazlal's Supremacy {Fly rCorr MP+9
                  | Slay+4}
 46808 | Elf:3    | Identified the +1 shortbow of Devotion {elec, Fly rC+ MP+9
                  | Str+3}
 46873 | Elf:3    | Acquired the amulet of Hepliaklqana's Grace {Spirit Harm
                  | Str+3 Dex+4}
 47304 | D:14     | Got a dog-eared book
 47421 | Depths:1 | Entered Level 1 of the Depths
 47667 | Depths:1 | Received a gift from Okawaru
 48127 | Depths:1 | Found a one-way gate to the infinite horrors of the Abyss.
 48442 | Depths:1 | Found a gateway to Hell.
 48474 | Depths:1 | Received a gift from Okawaru
 48671 | Depths:1 | Identified the +5 demon blade of the Sugar Beet {elec,
                  | Contam rN+ Will++ rCorr}
 48973 | Depths:2 | Paralysed by a floating eye for 4 turns
 49043 | Depths:2 | Noticed Asterion
 49076 | Depths:1 | Gained mutation: Your system is resistant to poisons.
                  | (rPois) [a cacodemon]
 49076 | Depths:1 | Killed Asterion
 49245 | Depths:2 | Found a one-way gateway to a ziggurat.
 49246 | Depths:2 | Found a one-way gate leading to the halls of Pandemonium.
 49252 | Depths:2 | Found a shimmering altar of Xom.
 49252 | Depths:2 | Found a shimmering blue altar of Sif Muna.
 49285 | Depths:2 | Noticed Aizul
 49302 | Depths:2 | Killed Aizul
 49303 | Depths:2 | Reached skill level 15 in Throwing
 49657 | Depths:2 | Found an ancient bone altar of Kikubaaqudgha.
 49709 | Depths:2 | Received a gift from Okawaru
 50041 | Depths:2 | Reached XP level 23. HP: 232/232 MP: 29/29
 50339 | Depths:2 | Identified the amulet of Symmetry {Faith Int+3}
 50363 | Depths:2 | Received a gift from Okawaru
 50433 | Depths:2 | Identified the +4 robe of Untruth {Will++ MP+9 Int+3 SInv}
 50796 | Depths:2 | Noticed a caustic shrike
 50805 | Depths:2 | Killed a caustic shrike
 50823 | Depths:2 | Reached skill level 15 in Fighting
 51525 | Depths:3 | Received a gift from Okawaru
 52472 | Depths:3 | Received a gift from Okawaru
 52614 | Depths:3 | Got a droning book
 52794 | Depths:4 | Entered Level 4 of the Depths
 52976 | Depths:4 | Noticed the Enchantress
 53001 | Depths:4 | Killed the Enchantress
 53597 | Depths:4 | Received a gift from Okawaru
 53720 | Depths:4 | Reached XP level 24. HP: 198/248 MP: 29/29
 54330 | Depths:4 | Identified the +5 flail of Moderation {heavy, Int+5}
 54331 | Depths:4 | Found a gate to the Realm of Zot.
 54378 | Depths:4 | Received a gift from Okawaru
 54855 | Vaults:5 | Entered Level 5 of the Vaults
 55053 | Vaults:5 | Noticed an ancient lich
 55076 | Vaults:5 | Killed an ancient lich
 55125 | Vaults:5 | Received a gift from Okawaru
 55138 | Vaults:5 | Noticed a dread lich
 55152 | Vaults:5 | Killed a dread lich
 55196 | Vaults:5 | Found Boxu's Magic Scroll Shop.
 55200 | Vaults:5 | Bought a scroll of enchant armour for 150 gold pieces
 55200 | Vaults:5 | Bought a scroll of blinking for 150 gold pieces
 55200 | Vaults:5 | Bought a scroll of teleportation for 60 gold pieces
 55338 | Vaults:5 | Found Holuekh's Magic Scroll Emporium.
 55342 | Vaults:5 | Bought a scroll of blinking for 127 gold pieces
 55342 | Vaults:5 | Bought 2 scrolls of teleportation for 102 gold pieces
 55342 | Vaults:5 | Bought a scroll of revelation for 127 gold pieces
 55557 | Vaults:5 | Received a gift from Okawaru
 55585 | Vaults:5 | Got a silver rune of Zot
 55887 | Vaults:5 | Identified the +5 broad axe "Hiestraobb" {heavy, rF++}
 55887 | Vaults:5 | Identified the ring "Esiozen" {Fire rElec Will+ Int+3
                  | Stlth+}
 55929 | Vaults:5 | Identified the ring "Viclawn" {rPois Str+2 Int+6}
 55963 | Vaults:5 | Reached XP level 25. HP: 170/261 MP: 29/29
 56070 | Vaults:5 | Found the +3 pair of mountain boots {steadfast, rC+}
 56156 | Vaults:5 | Identified the staff of the Tired Seers {rF+++ rN+ Int+4
                  | Dex-2 Necro}
 56199 | Vaults:5 | Identified the staff "Kemn" {rC+ Will+ Int-2 Conj Ice}
 56335 | Vaults:5 | Identified the staff "Xazip" {+Blink Fly rPois rF+++ Str-4
                  | Poison}
 56546 | Vaults:5 | Identified the staff "Impbane" {rC+ Str+4 Ice}
 56621 | Vaults:5 | Found Jypn's Distillery.
 56626 | Vaults:5 | Bought 2 potions of heal wounds for 140 gold pieces
 56626 | Vaults:5 | Bought a potion of curing for 42 gold pieces
 56626 | Vaults:5 | Bought a potion of curing for 42 gold pieces
 56626 | Vaults:5 | Bought 2 potions of enlightenment for 140 gold pieces
 56633 | Vaults:5 | Found Mamn's Distillery.
 56655 | Vaults:5 | Found Sekeeze's Magic Scroll Shoppe.
 56660 | Vaults:5 | Bought a scroll of teleportation for 54 gold pieces
 56660 | Vaults:5 | Bought a scroll of teleportation for 54 gold pieces
 56964 | D:13     | Identified the +1 ring mail of the Moon Troll {rElec rPois
                  | Slay+2}
 57268 | Zot:1    | Entered Level 1 of the Realm of Zot
 57317 | Zot:1    | Received a gift from Okawaru
 57720 | Zot:1    | Noticed an orb of fire
 57726 | Arena    | Entered the Arena
 57733 | Arena    | Killed an orb of fire
 57756 | Zot:1    | Noticed an orb of fire
 57756 | Zot:1    | Gained mutation: You are dopey. (Int -2) [an orb of fire]
 57761 | Zot:1    | Gained mutation: You are partially covered in iridescent
                  | scales. (AC +2) [an orb of fire]
 57765 | Zot:1    | Killed an orb of fire
 57935 | Zot:1    | Received a gift from Okawaru
 57990 | Zot:1    | Reached skill level 15 in Dodging
 58830 | Zot:2    | Found a transporter.
 59193 | Zot:2    | You are sucked into a shaft and drop 1 floor!
 59250 | Zot:3    | Found a runed translucent gate.
 59250 | Zot:3    | Found a runed translucent gate.
 59250 | Zot:3    | Found an ancient bone altar of Kikubaaqudgha.
 59250 | Zot:3    | Found a runed translucent gate.
 59250 | Zot:3    | Noticed an ancient lich
 59250 | Zot:3    | Noticed Foeck's ghost (veteran TrCK)
 59250 | Zot:3    | Noticed an ancient lich
 59250 | Zot:3    | Noticed an ancient lich
 59250 | Zot:3    | Noticed a dread lich
 59282 | Zot:2    | Found a transporter.
 59517 | Zot:2    | Found a transporter.
 59520 | Zot:2    | Found a transporter.
 60005 | Zot:3    | Received a gift from Okawaru
 60352 | Zot:3    | Killed an ancient lich
 60357 | Zot:3    | Killed an ancient lich
 60363 | Zot:3    | Killed a dread lich
 60364 | Zot:3    | Reached XP level 26. HP: 170/276 MP: 29/29
 60375 | Zot:3    | Killed an ancient lich
 60384 | Zot:3    | Killed Foeck's ghost
 60408 | Zot:3    | Identified the +12 long sword "Vaomurru" {venom, rElec
                  | Str+6}
 60412 | Zot:3    | Identified the +0 pair of gloves of Words of Power {rF+ rC+
                  | Slay+2}
 60415 | Zot:3    | Identified the ring "Veum" {rF+ Str+9}
 61102 | Zot:4    | Received a gift from Okawaru
 61633 | Zot:5    | Entered Level 5 of the Realm of Zot
 62345 | Zot:5    | Received a gift from Okawaru
 62502 | Zot:5    | Noticed an ancient lich
 62527 | Zot:5    | Noticed an orb of fire
 62529 | Zot:5    | Noticed an orb of fire
 62530 | Zot:5    | Killed an orb of fire
 62532 | Zot:5    | Noticed an orb of fire
 62537 | Zot:5    | Killed an ancient lich
 62537 | Zot:5    | Killed an orb of fire
 62541 | Zot:5    | Killed an orb of fire
 62553 | Zot:5    | Received a gift from Okawaru
 62557 | Zot:5    | Noticed a dread lich
 62573 | Zot:5    | Noticed a dread lich
 62580 | Zot:5    | Killed a dread lich
 62580 | Zot:5    | Killed a dread lich
 62697 | Zot:5    | Received a gift from Okawaru
 62743 | Zot:5    | Reached XP level 27. HP: 283/291 MP: 29/29
 63102 | Zot:5    | Identified the +10 spear of Exquisite Death {speed, rPois
                  | rF- rN+ Dex+4}
 63948 | Zot:5    | Got the Orb of Zot
 63976 | Zot:5    | Noticed Gisuddal the pandemonium lord
 63976 | Zot:5    | Noticed an ancient lich
 64641 | D:$      | Escaped with the Orb!

Illustrated notes

Levels and vault maps discovered:
D:1:      ebering_hopf_link, layout_basic, ebering_ecumenical_altar_webs
D:2:      layout_basic, uniq_robin
D:3:      minmay_diamond_boxcup, layout_basic, tso_metal_star,
          amcnicky_mini_rare_corridor_liquid
D:4:      layout_loops_corners, nicolae_hexahallways
D:5:      layout_loops_corners, grunt_temple_overflow_diamond, serial_shops,
          nicolae_stop_n_shop_1, gup_sewer_entry_bowl
D:6:      hangedman_cross_stitches, layout_loops_ring,
          gammafunk_ghost_stat_death
D:7:      layout_loops_ring, minmay_temple_entry_large_hall,
          kennysheep_generic_room_5, uniq_pikel
D:8:      kennysheep_seaside_town, layout_basic, sigmund_army
D:9:      layout_irregular_city, ashenzari_conservatory_becter,
          okawaru_gym_becter, uniq_harold, uniq_prince_ribbit1, uniq_joseph
D:10:     layout_long_grid, mainiacjoe_overflow_tiny_flanked, zombieorc2_lemuel,
          enter_bailey_2
D:11:     cheibrodos_barr_body, layout_gridville, david_lair_shrubbed,
          gammafunk_ghost_arena
D:12:     layout_basic, slow_altar_1, uniq_rupert, uniq_nessos
D:13:     minmay_razor_zed, layout_loops_ring, hellmonk_vaults_order_and_chaos,
          trog_butcher_becter
D:14:     wad_woods_minihive, layout_stronghold,
          nicolae_qazlal_eye_of_the_storm, portal_ice_cave_entry_ice_statue_two,
          minivault_12
D:15:     hellmonk_depths_entry_around_the_bend, layout_basic, minivault_23
Temple:   hellmonk_temple_two_chambers
Lair:1:   wander_river, layout_regular_city, lemuel_fruit_tree
Lair:2:   layout_chaotic_city
Lair:3:   layout_cave_pods, shoals_dummy_entry, dummy_spider_entry, ice2_lemuel
Lair:4:   nzn_winding_woodlands_large [nzn_winding_woodlands_5x5_cross,
          nzn_winding_woodlands_5x15_cabin,
          nzn_winding_woodlands_5x5_closed_star,
          nzn_winding_woodlands_center_pierced_h,
          nzn_winding_woodlands_15x15_killbox,
          nzn_winding_woodlands_center_garden,
          nzn_winding_woodlands_5x5_perimeter,
          nzn_winding_woodlands_5x15_split_checker,
          nzn_winding_woodlands_hourglass], layout_cave_shapes,
          gammafunk_ghost_arena, uniq_snorg, uniq_josephine
Lair:5:   hangedman_lair_in_review, layout_layer_cave, guppyfry_lair_end_dragon,
          minmay_slime_entry_pillars, nicolae_volcano_entry_hallway,
          nicolae_lair_yak_garden, uniq_sonja
Shoals:1: layout_shoals, nicolae_shoals_goliath_grotto
Shoals:2: layout_shoals, serial_shops, shop
Shoals:3: layout_shoals
Shoals:4: shoals_end_hellmonk_holy_island, serial_shops
Spider:1: layout_spider_delve
Spider:2: layout_spider_delve
Spider:3: layout_chambers, nicolae_spider_webbed_stairs
Spider:4: floodkiller_spider_rune_tomb, uniq_bai_suzhen, uniq_donald
Orc:1:    layout_caves
Orc:2:    grunt_orc_cross, layout_diamond_mine, uniq_erolcha, uniq_maurice
Elf:1:    eino_elf_arrival_the_gate, layout_loops_cross, serial_shops, shop,
          minmay_elf_sorcery, grunt_ministairs_1, nicolae_elf_w_pinch,
          uniq_kirke
Elf:2:    nicolae_elf_blades_crystal_corner, layout_loops_corners, uniq_nikola
Elf:3:    elf_hall, layout_geoelf_octagon, basic_altar,
          fake_guardian_serpent_vault
Vaults:1: nicolae_vaults_closet_pinwheel_6, nicolae_vaults_mini_display_case,
          nicolae_vaults_security_offices_1, nicolae_vaults_little_squares_6,
          ontoclasm_vaults_loading_screen, nicolae_vaults_border_crossing,
          nicolae_vaults_closet_pinwheel_2, layout_vaults_omnigrid
Vaults:2: v_misc_10, nicolae_vaults_double_plus_1, nicolae_vaults_shock_wave,
          nicolae_vaults_offset_grid_hallway_3, ontoclasm_vaults_eye,
          nicolae_vaults_house_1, layout_vaults_chaotic_city
Vaults:3: st_squares, hangedman_vaults_stagger, nicolae_vaults_yaktaur_gun_rack,
          ontoclasm_vaults_twist, nicolae_vaults_trapezoid_lopsided_1,
          nicolae_vaults_meiosis, vaults_room_pool,
          nicolae_vaults_tetromino_L_1, serial_ice_m, nicolae_vaults_tangram_2,
          nicolae_vaults_twisting_passages, nicolae_vaults_diagonal_hallway_6,
          layout_vaults_omnicross, dummy_crypt_entry, uniq_margery
Vaults:4: hangedman_vaults_snaps, nicolae_vaults_sesquioval_fish, st_eye,
          nicolae_vaults_network_barrier, nicolae_vaults_oval_intersection,
          nicolae_vaults_layer_cake_slice, grunt_vaults_funnel,
          nicolae_vaults_steering_wheel, nicolae_vaults_alarming, v_misc_15,
          hangedman_vaults_stretched_pinwheel,
          nicolae_vaults_offset_grid_hallway_2, vaults_dpeg_diagonal,
          layout_vaults_omnibox, serial_shops, nicolae_shop_hallway_plus,
          nicolae_shop_behind_doors, nicolae_lakefront_shop,
          nicolae_shop_hallway_plus, shop
Vaults:5
Depths:1: layout_roguey, moated_statue, hellmouth_2,
          abyss_entry_small_statue_room, minmay_microvault
Depths:2: hangedman_slaughterboxes, pan_entry, abyss_entry, hell_entry,
          uniq_asterion, uniq_aizul
Depths:3: minmay_split_circle, layout_cave_pools, abyss_entry, moated_statue,
          pf_coc_iceberg, st_stairs_6, hex_subvault_dug_out
Depths:4: lemuel_castle_with_subvaults [lemuel_castle_interior_carwin_1],
          layout_basic, hell_entry, serial_bayou_shore_a, grunt_megastairs_4,
          uniq_enchantress
Zot:1:    kennysheep_blocky_room, layout_twisted_circle
Zot:2:    layout_gridville, nicolae_diode_intersection
Zot:3:    layout_twisted_circle, gammafunk_ghost_crypt, grunt_ministairs_7,
          st_stairs_3
Zot:4:    kennysheep_ambush_hall, layout_misc_corridors
Zot:5:    layout_gridlike

Skill      XL: |  1  2  3  4  5  6  7  8  9 10 11 12 13 14 15 16 17 18 19 20 21 22 23 24 25 26 27 |
---------------+----------------------------------------------------------------------------------+-----
Armour         | 1 7 10 13 15 16 18 19 20 22 | 22.0
Unarmed Combat | 1 2 3 4 5 6 8 10 11 12 13 15 17 19 20 22 | 22.4
Dodging        | 1 2 4 10 12 14 15 17 | 17.6
Shields        | 1 2 3 5 6 8 10 | 10.2
Invocations    | 3 6 9 10 | 10.0
Throwing       | 6 8 9 12 16 | 16.4
Fighting       | 6 8 10 11 13 14 15 17 18 19 20 | 20.0
Short Blades   | |  1.5
Stealth        | |  2.1

Action                     |  1- 3 |  4- 6 |  7- 9 | 10-12 | 13-15 | 16-18 | 19-21 | 22-24 | 25-27 || total
---------------------------+-------+-------+-------+-------+-------+-------+-------+-------+-------++-------
  Melee: Unarmed           |   104 |   174 |   225 |   800 |  1062 |  2221 |  2462 |  1878 |  1106 || 10032
         Dagger            |     1 |       |       |       |       |       |       |       |       ||     1
         Punch             |       |     1 |       |       |       |       |       |       |       ||     1
  Throw: Dart              |       |     4 |    16 |    45 |     2 |    23 |    52 |       |       ||   142
         Large rock        |       |       |       |     1 |    25 |    94 |    33 |   178 |   175 ||   506
         Javelin           |       |       |       |       |     6 |     7 |    54 |    91 |    81 ||   239
 Invoke: Heroism           |       |       |       |     1 |    10 |    22 |    11 |    13 |     7 ||    64
         Receive Armour    |       |       |       |     1 |       |       |       |       |       ||     1
         Finesse           |       |       |       |       |       |     1 |     1 |     2 |     3 ||     7
         Duel              |       |       |       |       |       |       |       |       |     1 ||     1
  Evoke: Wand              |       |       |     3 |       |       |     6 |     1 |     5 |     6 ||    21
         Lightning rod     |       |       |       |       |     1 |     4 |       |       |       ||     5
    Use: Potion            |     1 |       |     4 |     1 |     3 |     4 |     1 |    10 |     4 ||    28
         Scroll            |       |       |    13 |    14 |     7 |    12 |    10 |    12 |     3 ||    71
   Stab: Sleeping          |     3 |    10 |     4 |     4 |       |       |       |       |       ||    21
         Confused          |       |       |     1 |       |       |       |       |       |     1 ||     2
         Distracted        |       |       |     1 |       |     1 |       |       |       |       ||     2
         Invisible         |       |       |       |     6 |     5 |       |       |       |       ||    11
         Petrifying        |       |       |       |       |     2 |     1 |       |       |       ||     3
         Petrified         |       |       |       |       |     5 |     2 |       |       |       ||     7
 Armour: Robe              |    90 |    81 |    44 |       |       |       |       |       |       ||   215
         Steam dragon scal |       |       |    54 |   117 |       |       |       |       |       ||   171
         Gold dragon scale |       |       |       |   363 |   803 |  2326 |  1927 |  1551 |  1139 ||  8109
         Acid dragon scale |       |       |       |    18 |       |       |       |       |       ||    18
  Dodge: Dodged            |    61 |    46 |    74 |   191 |   209 |   694 |   959 |   640 |   356 ||  3230
  Block: Kite shield       |       |    52 |   157 |   680 |   858 |  2089 |  1882 |  1179 |   659 ||  7556

Table legend: (Time is in decaauts)
 A = Elapsed time spent in this place.
 B = Non-inter-level travel time spent in this place.
 C = Inter-level travel time spent in this place.
 D = Time resting spent in this place.
 E = Time spent auto-exploring this place.
 F = Levels seen in this place.
 G = Mean time per level.
                   A        B        C        D        E       F      G
               +--------+--------+--------+--------+--------+-----+--------+
         Total |  63041 |  57120 |   5921 |   3656 |  34737 |  53 | 1189.5 |
       Dungeon |  16658 |  14416 |   2242 |    641 |   9869 |  15 | 1110.5 |
        Temple |      4 |      4 |      0 |      0 |      0 |   1 |    4.0 |
          Lair |   6925 |   6212 |    713 |    216 |   4068 |   5 | 1385.0 |
        Shoals |   4616 |   4391 |    225 |    573 |   1678 |   4 | 1154.0 |
   Spider Nest |   5656 |   5258 |    398 |    906 |   2544 |   4 | 1414.0 |
  Orcish Mines |   1552 |   1299 |    253 |      6 |    781 |   2 |  776.0 |
   Elven Halls |   3378 |   3180 |    198 |     16 |   2024 |   3 | 1126.0 |
        Vaults |   8829 |   8111 |    718 |    393 |   5219 |   5 | 1765.8 |
        Depths |   7140 |   6527 |    613 |    335 |   4094 |   4 | 1785.0 |
           Zot |   6452 |   5895 |    557 |    391 |   3746 |   5 | 1290.4 |
         Abyss |    210 |    210 |      0 |     63 |      0 |   1 |  210.0 |
        Bailey |    358 |    358 |      0 |      0 |    110 |   1 |  358.0 |
      Ice Cave |   1012 |   1012 |      0 |    114 |    526 |   1 | 1012.0 |
       Volcano |    238 |    238 |      0 |      0 |     78 |   1 |  238.0 |
         Arena |      8 |      8 |      0 |      0 |      0 |   1 |    8.0 |
               +--------+--------+--------+--------+--------+-----+--------+

Top non-repeatable levels by time:
   Zot:5: 2216 daAuts
Depths:2: 2134 daAuts
Vaults:3: 1987 daAuts
  Lair:5: 1956 daAuts
Spider:4: 1918 daAuts
Vaults:5: 1827 daAuts
Depths:4: 1805 daAuts
Vaults:4: 1777 daAuts
Spider:1: 1714 daAuts
Vaults:1: 1704 daAuts
Depths:1: 1648 daAuts
Depths:3: 1552 daAuts
  Lair:4: 1543 daAuts
Vaults:2: 1533 daAuts
    D:14: 1486 daAuts
